 Dungeon Crawl Stone Soup version 0.28.0 (webtiles) character file.

Game seed: 7248123927163460399

2675 kamiharu the Basher (level 9, 0/81 HPs)
             Began as a Hill Orc Berserker on Feb 4, 2022.
             Was a Priest of Trog.
             Slain by a seven-headed hydra (11 damage)
             ... on level 6 of the Dungeon.
             The game lasted 00:53:31 (6803 turns).

kamiharu the Basher (Hill Orc Berserker)            Turns: 6803, Time: 00:53:32

Health: 0/81       AC: 20    Str: 24    XL:     9   Next: 64%
Magic:  9/9        EV:  8    Int:  7    God:    Trog [***...]
Gold:   347        SH:  0    Dex: 16    Spells: 8/8 levels left

rFire   . . .      SeeInvis .   y - +1 flail (protect)
rCold   . . .      Faith    .   K - orb {mayhem}
rNeg    . . .      Spirit   .   I - +0 plate armour
rPois   .          Reflect  .   a - +2 hat
rElec   .          Harm     .   m - +2 cloak {Stlth+}
rCorr   .          Rampage  .   (no gloves)
Will    .....                   h - +0 pair of boots
Stlth   ..........              (no amulet)
HPRegen 0.23/turn               H - +6 ring of dexterity
MPRegen 0.11/turn               (no ring)

@: on berserk cooldown, attractive, slowed, studying Bows, very slow
A: no striking features
a: Renounce Religion, Berserk, Trog's Hand


You were on level 6 of the Dungeon.
You worshipped Trog.
Trog was most pleased with you.
You visited 2 branches of the dungeon, and saw 7 of its levels.

You collected 347 gold pieces.

Inventory:

Hand Weapons
 i - a +0 dagger of venom
 l - a +2 short sword of venom
 q - a +0 dagger of venom
 u - a +0 hunting sling
 w - a +0 vorpal flail
 y - a +1 flail of protection (weapon)
 z - a +0 halberd
 A - a +0 short sword
 G - a +0 war axe
 O - a +0 shortbow of freezing
 P - a +0 hand axe
 R - a +4 whip
Missiles
 e - 42 arrows
 k - 9 poisoned darts (quivered)
 p - 158 stones
 D - 4 atropa-tipped darts
 E - 5 large rocks
 L - 28 bolts
 U - 6 sling bullets
Armour
 a - a +2 hat (worn)
 c - a +0 cloak
 h - a +0 pair of boots (worn)
 j - a +1 chain mail
 m - a +2 cloak of stealth (worn)
 I - a +0 plate armour (worn)
 K - an orb of mayhem (worn)
 S - a +0 ring mail
 Y - the +3 leather armour of Poor Excuses {Str+5}
   (You found it on level 5 of the Dungeon)

   Str:       It affects your strength (+5).
Magical Staves
 b - a staff of poison
Jewellery
 f - a ring of wizardry
 H - a +6 ring of dexterity (left hand)
Wands
 g - a wand of acid (12)
 x - a wand of iceblast (7)
Scrolls
 n - 2 scrolls of vulnerability {unknown}
Potions
 d - 2 potions of lignification {unknown}
 o - a potion of haste {unknown}
 t - a potion of mutation {unknown}
 C - 3 potions of degeneration {unknown}
 J - 2 potions of might {unknown}
 N - a potion of brilliance {unknown}
 T - 2 potions of heal wounds {unknown}
 W - a potion of attraction
 X - a potion of resistance {unknown}
 Z - 2 potions of cancellation {unknown}
Miscellaneous
 r - a piece from Xom's chessboard (15/15)


   Skills:
 + Level 7.8 Fighting
 + Level 4.3 Short Blades
 + Level 9.3 Maces & Flails
 + Level 7.4 Armour
 + Level 2.3 Dodging
 + Level 0.9 Stealth


You had 8 spell levels left.
You didn't know any spells.
Your spell library contained the following spells:

 Spells                   Type           Power      Damage    Failure   Level
 Beastly Appendage        Tmut           0%         N/A       99%         1
 Freeze                   Ice            0%         1d3       99%         1
 Summon Small Mammal      Summ           0%         N/A       99%         1
 Corpse Rot               Necr/Air       0%         N/A       100%        2
 Ensorcelled Hibernation  Hex/Ice        0%         N/A       100%        2
 Poisonous Vapours        Pois/Air       0%         N/A       100%        2
 Wereblood                Tmut           0%         N/A       100%        2
 Call Canine Familiar     Summ           0%         N/A       100%        3
 Portal Projectile        Hex/Tloc       0%         N/A       100%        3
 Spider Form              Tmut/Pois      0%         N/A       100%        3
 Summon Guardian Golem    Hex/Summ       0%         N/A       100%        3
 Anguish                  Hex/Necr       0%         N/A       100%        4
 Blade Hands              Tmut           0%         N/A       100%        5
 Excruciating Wounds      Necr           0%         N/A       100%        5
 Haunt                    Necr/Summ      0%         N/A       100%        7
 Death's Door             Necr           0%         N/A       100%        9


Dungeon Overview and Level Annotations

Branches:
Dungeon (6/15)             Temple (1/1) D:4

Altars:
Ashenzari
Cheibriados
Dithmenos
Elyvilon
Fedhas
Gozag
Hepliaklqana
Kikubaaqudgha
Makhleb
Okawaru
Qazlal
Ru
Sif Muna
Trog
Uskayaw
Vehumet
Wu Jian
Xom
Yredelemnul
Zin
The Shining One
Beogh

Annotations:
D:3 1 runed translucent door


Message History

A red film seems to cover your vision as you go berserk!
You feel yourself moving faster!
You feel mighty!
The seven-headed hydra bites you but does no damage.
The seven-headed hydra misses you.
The seven-headed hydra completely misses you.
The seven-headed hydra bites you.
The seven-headed hydra bites you but does no damage.
The seven-headed hydra bites you.
The seven-headed hydra bites you but does no damage.
You are too injured to fight recklessly!
You are too injured to fight recklessly!
You are too injured to fight recklessly!
You are too injured to fight recklessly!
You are too injured to fight recklessly!
You are too injured to fight recklessly!
You are too injured to fight recklessly!
You feel a strong urge to attack something.
You feel your anger nearly subside.
You are no longer berserk.
You are exhausted.
You feel yourself slow down.
There is an open door here.
A seven-headed hydra is nearby!
You feel the effects of Trog's Hand fading.
The seven-headed hydra bites you but does no damage.
The seven-headed hydra bites you.
The seven-headed hydra bites you but does no damage. x5
Your skin stops crawling.
You feel less strong-willed.
The seven-headed hydra bites you but does no damage.
The seven-headed hydra bites you!
The seven-headed hydra bites you but does no damage.
The seven-headed hydra bites you!
* * * LOW HITPOINT WARNING * * *
The seven-headed hydra bites you!
* * * LOW HITPOINT WARNING * * *
The seven-headed hydra bites you but does no damage. x2
It was a potion of attraction.
You feel attractive to monsters.
The seven-headed hydra bites you but does no damage.
The seven-headed hydra bites you!
You die...

.# #...# #..?...#.#
.# #..## #8....8#.#
.#######..#
#####8..8##.#
..........#
##.'.##''##..#
########..#
#.##.........# #..#
##.#.........#
#..##...D##..########
#...######D..#
#........@.###
##......#### ########


You could see a seven-headed hydra.

Vanquished Creatures
  The ghost of Prodoman the Magician, a novice DsWz of Sif Muna (D:6)
  A komodo dragon (D:6)
  A troll (D:6)
  Edmund (D:5)
  2 orc warriors (D:6)
  An ice beast (D:5)
  3 sky beasts
  2 black bears
  A necrophage (D:5)
  A centaur (D:5)
  A bullfrog (D:6)
  2 scorpions
  A water moccasin skeleton (D:4)
  A killer bee (D:6)
  The ghost of crazypyro the Skirmisher, a weakling DsFi of Qazlal (D:3)
  A howler monkey (D:6)
  3 bullfrog zombies
  2 hounds (D:6)
  2 jellies (D:6)
  A bullfrog skeleton (D:5)
  An iguana (D:5)
  2 orc wizards (D:3)
  A howler monkey skeleton (D:6)
  9 adders
  6 gnolls (D:2)
  A white imp (D:5)
  An ufetubus (D:5)
  An adder skeleton (D:4)
  3 worms (D:2)
  2 dart slugs
  8 orcs
  8 ball pythons
  4 endoplasms
  3 giant cockroaches
  9 goblins
  11 hobgoblins
  4 quokkas
  3 bats
  5 kobolds
  5 rats
116 creatures vanquished.

Vanquished Creatures (collateral kills)
  An orc priest (D:6)
  2 orcs (D:6)
3 creatures vanquished.

Vanquished Creatures (others)
  A hound (D:6)
  An orc (D:6)
2 creatures vanquished.

Grand Total: 121 creatures vanquished

Notes
Turn   | Place    | Note
-------+----------+-------------------------------------------
     0 | D:1      | kamiharu the Hill Orc Berserker began the quest for the
                  | Orb.
     0 | D:1      | Reached XP level 1. HP: 19/19 MP: 1/1
   373 | D:1      | Reached XP level 2. HP: 9/27 MP: 2/2
   881 | D:1      | You fall into a shaft and drop 1 floor!
   908 | D:2      | Reached XP level 3. HP: 26/33 MP: 3/3
  1064 | D:2      | Found a stormy altar of Qazlal.
  1080 | D:2      | Reached ** piety under Trog
  1091 | D:2      | Reached XP level 4. HP: 23/41 MP: 4/4
  1791 | D:2      | Reached XP level 5. HP: 40/47 MP: 5/5
  1942 | D:2      | Found a faded altar of an unknown god.
  2071 | D:3      | Reached skill level 1 in Maces & Flails
  2077 | D:3      | Found an iron altar of Okawaru.
  2092 | D:3      | Found a broken altar of Ashenzari.
  2095 | D:3      | Found a bloodstained altar of Trog.
  2104 | D:3      | Found an ornate altar of the Wu Jian Council.
  2232 | D:3      | Reached skill level 2 in Maces & Flails
  2832 | D:3      | Found a runed translucent door.
  2833 | D:3      | Noticed crazypyro's ghost (weakling DsFi)
  2861 | D:3      | Killed crazypyro's ghost
  2862 | D:3      | Reached skill level 5 in Fighting
  2862 | D:3      | Reached XP level 6. HP: 35/56 MP: 6/6
  2870 | D:3      | Found a runed translucent door.
  3441 | D:4      | Reached skill level 3 in Maces & Flails
  3514 | D:4      | Found a blossoming altar of Fedhas.
  3640 | D:4      | Noticed a black bear
  3648 | D:4      | Killed a black bear
  3870 | D:4      | Found a staircase to the Ecumenical Temple.
  3957 | D:4      | Reached skill level 4 in Maces & Flails
  3959 | D:4      | Reached XP level 7. HP: 61/61 MP: 7/7
  4110 | Temple   | Entered the Ecumenical Temple
  4288 | D:5      | Entered Level 5 of the Dungeon
  4426 | D:5      | Reached skill level 5 in Maces & Flails
  4465 | D:5      | Identified the +3 leather armour of Poor Excuses {Str+5}
  4736 | D:5      | Noticed Edmund
  4757 | D:5      | Killed Edmund
  5013 | D:5      | Reached XP level 8. HP: 70/70 MP: 8/8
  5121 | D:5      | Reached skill level 6 in Maces & Flails
  5121 | D:5      | Reached skill level 5 in Armour
  5395 | D:6      | Found a hazy altar of Hepliaklqana.
  5479 | D:6      | Found a large runed translucent door.
  5479 | D:6      | Found a large runed translucent door.
  5487 | D:6      | Noticed a komodo dragon
  5487 | D:6      | Noticed a troll
  5513 | D:6      | Killed a troll
  5514 | D:6      | Reached skill level 7 in Maces & Flails
  5516 | D:6      | Killed a komodo dragon
  5753 | D:6      | Found a large runed translucent door.
  5753 | D:6      | Found a large runed translucent door.
  5810 | D:6      | Reached *** piety under Trog
  5893 | D:6      | Reached skill level 8 in Maces & Flails
  5893 | D:6      | Reached XP level 9. HP: 79/79 MP: 9/9
  5961 | D:6      | Found a runed translucent gate.
  5961 | D:6      | Found a runed translucent gate.
  5964 | D:6      | Found a runed translucent gate.
  5964 | D:6      | Noticed Prodoman's ghost (novice DsWz)
  5971 | D:6      | Found a roughly hewn altar of Beogh.
  6014 | D:6      | Killed Prodoman's ghost
  6383 | D:6      | Got Sif Muna's Reference Book on Necromancy and the
                  | Snowflakes
  6641 | D:6      | Reached skill level 9 in Maces & Flails
  6786 | D:6      | Noticed a seven-headed hydra
  6803 | D:6      | Slain by a seven-headed hydra

Illustrated notes

Levels and vault maps discovered:
D:1:      amcnicky_arrival_blooded_trapdoor, layout_basic
D:2:      layout_basic, chequers_ecumenical_altar_twisty, basic_altar,
          minmay_fractal_squares_gapless_5
D:3:      kb_forest_paths, layout_loops_corners,
          grunt_temple_overflow_cloverleaf, ebering_ghost_sewer_f
D:4:      layout_loops_ring, lemuel_crystal_altar, minmay_temple_entry_statues
D:5:      layout_loops_ring, uniq_edmund
D:6:      layout_basic, old_standard_altar, biasface_ghost_orc_armoury,
          minivault_27, minmay_hollow_rounded_squares
Temple:   zaba_magenta_temple

Skill      XL: |  1  2  3  4  5  6  7  8  9 |
---------------+----------------------------+-----
Fighting       | 4 5 6 7 |  7.8
Short Blades   | 4 |  4.3
Armour         | 3 4 6 7 |  7.4
Maces & Flails | 2 4 5 8 9 |  9.3
Dodging        | 2 |  2.3
Stealth        | |  0.9

Action                   |  1- 3 |  4- 6 |  7- 9 || total
-------------------------+-------+-------+-------++-------
Melee: Short sword       |    80 |       |       ||    80
       Punch             |     1 |     2 |     2 ||     5
       Dagger            |    20 |       |       ||    20
       Flail             |       |   166 |   191 ||   357
Invok: Berserk           |       |     1 |     4 ||     5
       Trog's Hand       |       |       |     1 ||     1
  Use: Potion            |       |       |     1 ||     1
 Stab: Distracted        |       |       |     2 ||     2
Armor: Leather armour    |     8 |       |       ||     8
       Animal skin       |     1 |       |       ||     1
       Chain mail        |    17 |    97 |    26 ||   140
       Plate armour      |       |       |   134 ||   134
Dodge: Dodged            |    30 |    80 |    79 ||   189
